 Dungeon Crawl Stone Soup version 0.24-a0-443-g80245de385 (webtiles) character file.

Game seed: 13225651194695644041

700 Anon1729 the Sneak (level 7, -7/55 HPs)
             Began as a Vampire Monk on June 21, 2019.
             Mangled by an orc warrior
             ... wielding a +0 glaive
              (19 damage)
             ... on level 5 of the Dungeon.
             The game lasted 00:10:07 (4448 turns).

Anon1729 the Sneak (Vampire Monk)                   Turns: 4448, Time: 00:10:08

Health: -7/55      AC:  5    Str: 15    XL:     7   Next: 38%
Magic:  7/7        EV: 16    Int: 13    God:
Gold:   114        SH:  0    Dex: 21    Spells: 6/6 levels left

rFire    . . .     SeeInvis +   A - +0 falchion "Uleov" {slice, rN+ Str+5} (curse)
rCold    . . .     Gourm    .   (no shield)
rNeg     + . .     Faith    +   b - +0 robe
rPois    .         Spirit   .   n - +0 helmet
rElec    .         Reflect  .   (no cloak)
rCorr    .         Harm     .   k - +0 pair of gloves
MR       .....                  i - +0 pair of boots
Stlth    ++++......             p - amulet of faith
HPRegen  0.38/turn              t - +3 ring of dexterity
MPRegen  0.10/turn              (no ring)

@: regenerating quickly
A: no food, fangs 3, see invisible, unbreathing
a: Exsanguinate


You were on level 5 of the Dungeon.
You were alive.

You visited 1 branch of the dungeon, and saw 5 of its levels.
You also visited: Sewer.

You collected 258 gold pieces.
You spent 144 gold pieces at shops.

Inventory:

Hand Weapons
 a - a +0 falchion
 c - a +0 dagger of draining
 o - a +2 morningstar of holy wrath
 z - a +0 long sword
 A - the cursed +0 falchion "Uleov" (weapon) {slice, rN+ Str+5}
   (You bought it in a shop on level 4 of the Dungeon)

   It inflicts extra damage upon your enemies.
   It affects your strength (+5).
   It protects you from negative energy.
   It has a curse placed upon it.
Missiles
 C - 5 silver javelins (quivered)
Armour
 b - a +0 robe (worn)
 i - a +0 pair of boots (worn)
 k - a +0 pair of gloves (worn)
 n - a +0 helmet (worn)
 u - a +2 chain mail of poison resistance
Jewellery
 p - an amulet of faith (around neck)
 t - a +3 ring of dexterity (left hand)
Wands
 w - a wand of paralysis (12)
 y - a wand of polymorph (9)
Scrolls
 h - 2 scrolls of immolation {unknown}
 j - a scroll of enchant weapon {unknown}
 l - 2 scrolls of fear {unknown}
 q - 2 scrolls of blinking {unknown}
 s - a scroll of noise {unknown}
 v - a scroll of identify {unknown}
 x - 2 scrolls of fog {unknown}
 B - a scroll of enchant armour {unknown}
Potions
 d - a potion of agility {unknown}
 e - a potion of flight {unknown}
 f - a potion of might {unknown}
 g - 2 potions of lignification
 m - 3 potions of haste {unknown}
 r - a potion of mutation {unknown}


   Skills:
 + Level 4.5 Fighting
 + Level 5.0 Long Blades
 + Level 5.5 Dodging
 + Level 7.0 Stealth


You had 6 spell levels left.
You didn't know any spells.
Your spell library was empty.

Dungeon Overview and Level Annotations

Branches:
Dungeon (5/15)
 Temple: D:4-7

Altars:
Fedhas
Gozag
Qazlal
The Shining One
Beogh

Shops:
D:4 (

Annotations:
D:5 3 runed translucent doors, forest's ghost, novice SpAs


Innate Abilities, Weirdness & Mutations

You do not eat.
Your natural rate of healing is unusually fast.
You have razor-sharp teeth.
You have supernaturally acute eyesight. (SInv)
You can survive without breathing.


Message History

The orc warrior hits you with a +0 glaive.
You closely miss the orc warrior.
The orc warrior is severely wounded.
An orc warrior is nearby!
You closely miss the orc warrior. Your bite misses the orc warrior.
The orc warrior is severely wounded.
The orc warrior hits you with a +0 glaive!!
* * * LOW HITPOINT WARNING * * *
You are too injured to fight recklessly!
Unknown command.
You hit the orc warrior but do no damage.
Your bite misses the orc warrior.
The orc warrior is severely wounded.
The orc warrior misses you.
You riposte.
You hit the orc warrior. Your bite misses the orc warrior.
The orc warrior is almost dead.
You hit the orc warrior.
The orc warrior is almost dead.
The orc warrior hits you with a +0 glaive!!
You die...

......o(..o... #..
.......(...Z.. #.#
#####.!(...... #.#
#.....)_..... #.#
#.###........ #.# #
#........ #.# #
##.###..>
###############.#.#
#.# #...
#.............)@o.#
..# #..#
#.#######.........#
##.# #... #.#
#.####...## #.# #.#
#.#####.## #.#
#.....### #.#
##......# #.#
#..###.# #.######
#..#_#.# #......#
#..#>#.#


You could see an orc warrior.

Vanquished Creatures
  A phantom (D:4)
  The ghost of nikopol the Magician, an amateur DEFE (D:3)
  2 bullfrogs (Sewer)
  2 orc priests
  A bullfrog skeleton (D:4)
  An orc wizard (D:4)
  2 worker ants (D:5)
  9 adders
  8 oozes (Sewer)
  3 worms
  2 dart slugs
  10 leopard geckos
  7 orcs
  5 bats
  13 giant cockroaches
  7 goblins
  4 hobgoblins
  3 jackals (D:3)
  6 quokkas
  12 ball pythons
  17 frilled lizards
  8 kobolds
  6 rats
130 creatures vanquished.

Notes
Turn   | Place    | Note
-------+----------+-------------------------------------------
     0 | D:1      | Anon1729 the Vampire Monk began the quest for the Orb.
     0 | D:1      | Reached XP level 1. HP: 17/17 MP: 1/1
    55 | D:1      | Found a glowing golden altar of the Shining One.
   746 | D:2      | Reached XP level 2. HP: 23/23 MP: 2/2
  1315 | D:2      | Reached XP level 3. HP: 29/29 MP: 3/3
  1391 | D:2      | Reached skill level 4 in Stealth
  2053 | D:3      | Reached XP level 4. HP: 32/35 MP: 4/4
  2329 | D:3      | Found a stormy altar of Qazlal.
  2330 | D:3      | Noticed a fire elemental
  2335 | D:3      | Noticed an earth elemental
  2336 | D:3      | Noticed a water elemental
  2336 | D:3      | Noticed an air elemental
  2451 | D:3      | Reached XP level 5. HP: 12/41 MP: 5/5
  2633 | D:3      | Found a blossoming altar of Fedhas.
  2649 | D:3      | Found a runed translucent door.
  2650 | D:3      | Noticed nikopol's ghost (amateur DEFE)
  2712 | D:3      | Killed nikopol's ghost
  2712 | D:3      | Reached skill level 5 in Stealth
  2864 | D:4      | Noticed a phantom
  2895 | D:4      | Found a glowing drain.
  2904 | Sewer    | Entered a sewer
  2973 | Sewer    | Reached XP level 6. HP: 40/48 MP: 6/6
  3527 | Sewer    | Reached skill level 5 in Dodging
  3527 | Sewer    | Reached skill level 6 in Stealth
  3671 | D:4      | Reached XP level 7. HP: 39/55 MP: 7/7
  3780 | D:4      | Found Kegg's Antique Weapon Emporium.
  3783 | D:4      | Bought a crude falchion for 144 gold pieces
  3783 | D:4      | Identified the cursed +0 falchion "Uleov" {slice, rN+
                  | Str+5} (You bought it in a shop on level 4 of the Dungeon)
  4154 | D:5      | Entered Level 5 of the Dungeon
  4154 | D:5      | Found an opulent altar of Gozag.
  4351 | D:5      | Reached skill level 5 in Long Blades
  4351 | D:5      | Reached skill level 7 in Stealth
  4396 | D:5      | Found a runed translucent gate.
  4396 | D:5      | Found a runed translucent gate.
  4397 | D:5      | Found an opulent altar of Gozag.
  4397 | D:5      | Found a runed translucent gate.
  4400 | D:5      | Noticed forest's ghost (novice SpAs)
  4401 | D:5      | Identified the +5 ring mail "Atoant" {MP-9 Dex+3 Slay+2}
  4404 | D:5      | Found a roughly hewn altar of Beogh.
  4448 | D:5      | Mangled by an orc warrior

Levels and vault maps discovered:
D:1:      kennysheep_arrival_seaside, layout_loops_ring, tso_metal_star
D:2:      minmay_general_purpose_star, layout_basic, first_ration
D:3:      layout_rooms, nicolae_qazlal_style_of_elements, serial_glass,
          glass_columns_b, glass_columns_a, item_on_display_a,
          due_unseen_surprise, feat_on_display, item_on_display_a,
          ebering_ghost_reflecting_pool, fedhas_altar_2
D:4:      layout_basic, cheibrodos_sewer_entry_drain, serial_shops,
          nicolae_shop_behind_doors, kennysheep_generic_room_5
D:5:      layout_loops_ring, minmay_temple_entry_trees,
          biasface_ghost_orc_armoury, basic_altar, lemuel_statue_altar

Skill      XL: |  1  2  3  4  5  6  7 |
---------------+----------------------+-----
Fighting       | 3 4 |  4.5
Stealth        | 4 5 6 7 |  7.0
Dodging        | 4 5 |  5.5
Long Blades    | 4 5 |  5.0

Action                   |  1- 3 |  4- 6 |  7- 9 || total
-------------------------+-------+-------+-------++-------
Melee: Falchion          |   127 |   319 |    45 ||   491
       Bite              |    22 |    38 |     7 ||    67
       Long sword        |       |     1 |     4 ||     5
 Abil: Exsanguinate      |     1 |       |       ||     1
  Use: Potion            |       |     1 |       ||     1
 Stab: Sleeping          |    10 |     4 |     2 ||    16
       Distracted        |       |     1 |       ||     1
Armor: Robe              |    29 |    77 |     6 ||   112
       Chain mail        |       |    17 |       ||    17
       Skin              |       |    87 |       ||    87
Dodge: Dodged            |    84 |   295 |    37 ||   416
       Rpst.: Falchion   |    32 |   101 |    14 ||   147

Table legend:
 A = Non-vault XP
 B = Vault XP
 C = Vault XP percentage of total XP
 D = Non-vault monster count
 E = Vault monster count
 F = Vault count percentage of total count
                 A         B        C        D         E       F
            +---------+---------+-------+---------+---------+-------
      Total |     547 |     453 |  45.3 |      66 |      64 |  49.2
            +---------+---------+-------+---------+---------+-------
        D:1 |      10 |       0 |   0.0 |       4 |       0 |   0.0
        D:2 |      65 |       9 |  12.2 |      23 |       6 |  20.7
        D:3 |     131 |      96 |  42.3 |      23 |       1 |   4.2
        D:4 |     273 |       5 |   1.8 |      12 |       4 |  25.0
        D:5 |      68 |       0 |   0.0 |       4 |       0 |   0.0
      Sewer |       0 |     343 | 100.0 |       0 |      53 | 100.0
            +---------+---------+-------+---------+---------+-------
